 Dungeon Crawl Stone Soup version 0.25-a0-613-gf4b266557c (webtiles) character file.

Game seed: 15974018717160077379, levelgen mode: deterministic

2044 Kohma the Tainter (level 9, -5/47 HPs)
             Began as a Gargoyle Venom Mage on Mar 17, 2020.
             Killed by nerve-wracking pain
             ... invoked by a shadow imp
              (7 damage)
             ... on level 7 of the Dungeon.
             The game lasted 00:27:05 (8569 turns).

Kohma the Tainter (Gargoyle Venom Mage)             Turns: 8569, Time: 00:27:06

Health: -5/47      AC: 11    Str: 12    XL:     9   Next: 24%
Magic:  6/18       EV: 12    Int: 19    God:
Gold:   244        SH:  4    Dex: 10    Spells: 9/20 levels left

rFire    . . .     SeeInvis +   x - +2 whip (elec)
rCold    + . .     Gourm    .   (no shield)
rNeg     + . .     Faith    .   a - +0 robe
rPois    ∞         Spirit   .   E - +0 hat {SInv}
rElec    +         Reflect  +   d - +0 cloak
rCorr    .         Harm     .   A - +0 pair of gloves
MR       .....                  y - +0 pair of boots
Stlth    ++........             j - +4 amulet of reflection
HPRegen  0.15/turn              H - ring of protection from cold
MPRegen  0.16/turn              (no ring)

@: marked
A: negative energy resistance 1, electricity resistance, unbreathing,
petrification resistance, rot immunity, AC +6
a: no special abilities


You were on level 7 of the Dungeon.
You were not hungry.

You visited 1 branch of the dungeon, and saw 7 of its levels.

You collected 484 gold pieces.
You spent 240 gold pieces at shops.

Inventory:

Hand Weapons
 e - a +0 dagger
 k - a +0 short sword
 r - a +0 rapier
 x - a +2 whip of electrocution (weapon)
Missiles
 f - 8 poisoned darts (quivered)
 h - 4 throwing nets
 m - 16 javelins
 F - 2 silver javelins
Armour
 a - a +0 robe (worn)
 d - a +0 cloak (worn)
 s - a +1 scale mail of cold resistance
 y - a +0 pair of boots (worn)
 A - a +0 pair of gloves (worn)
 E - a +0 hat of see invisible (worn)
Jewellery
 j - a +4 amulet of reflection (around neck)
 H - a ring of protection from cold (left hand)
Wands
 t - a wand of flame (42)
 u - a wand of scattershot (2)
 C - a wand of acid (10)
Scrolls
 b - 3 scrolls of amnesia
 g - 4 scrolls of identify
 i - a scroll of remove curse
 l - 4 scrolls of teleportation
 p - 4 scrolls of enchant armour
 B - 2 scrolls of immolation
 D - a scroll of enchant weapon
Potions
 n - a potion of brilliance
 o - a potion of cancellation
 q - 4 potions of curing {unknown}
 v - a potion of lignification
 w - a potion of berserk rage {unknown}
 z - a potion of mutation {unknown}
 G - a potion of degeneration {unknown}
Comestibles
 c - 8 rations


   Skills:
 + Level 1.3 Fighting
 + Level 1.3 Armour
 + Level 2.0 Dodging
 - Level 2.1 Stealth
 - Level 6.2 Spellcasting
 - Level 1.0 Conjurations
 - Level 2.4 Translocations
 - Level 2.0 Transmutations
 - Level 2.2 Fire Magic
 - Level 2.2 Air Magic
 + Level 8.2 Poison Magic


You had 9 spell levels left.
You knew the following spells:

 Your Spells              Type           Power        Failure   Level  Hunger
a - Sting                 Tmut/Pois      ####         1%          1    None
b - Poisonous Vapours     Pois/Air       ####..       1%          2    None
c - Ignite Poison         Fire/Tmut/Pois ###.....     6%          3    ##.....
d - Mephitic Cloud        Conj/Pois/Air  ###.....     7%          3    ##.....
e - Blink                 Tloc           N/A          6%          2    None

Your spell library contained the following spells:

 Spells                   Type           Power        Failure   Level  Hunger
 Olgreb's Toxic Radiance  Pois           #####...     3%          4    ####...
 Magic Dart               Conj           ##..         7%          1    None
 Call Imp                 Summ           #.......     17%         2    None
 Slow                     Hex            #.......     17%         2    None
 Conjure Flame            Conj/Fire      ##......     17%         3    ##.....


Dungeon Overview and Level Annotations

Branches:
Dungeon (7/15)
 Temple: D:4-7

Altars:
Fedhas
Nemelex Xobeh
Okawaru
Qazlal
Ru

Shops:
D:4 *   D:5 *

Annotations:
D:7 Harold


Innate Abilities, Weirdness & Mutations

You are resistant to torment.
Your stone body is resilient. (AC +6)
You are immune to poison.
You resist negative energy. (rN+)
You are resistant to electric shocks. (rElec)
You can survive without breathing.
You are immune to petrification.
You are immune to rotting.


Message History

Okay, then.
The sky beast flickers out of sight for a moment.
You block the ogre's attack. Harold gestures at you while chanting.
The mark upon you grows brighter. The shadow imp closely misses you.
The shadow imp hits you.
* * * LOW HITPOINT WARNING * * *
Okay, then.
Casting: Ignite Poison (safe; 6% risk of failure)
Confirm with . or Enter, or press ? or * to list all spells.
You blink.
The shadow imp gestures at you. Pain shoots through your body!
* * * LOW HITPOINT WARNING * * *
There is a stone staircase leading up here.
The shadow imp disappears for a moment.
The shadow imp gestures at you. Pain shoots through your body!
You die...

#.# #. #.# .# #. ... ...#
###. # #.# ...# #... #.#.#
#...# ###.#.
#.#.#######...###......
#....................##
####................. .. #
#........@........... ###
#.....##5####.#...#. .###..
#.###.##.#........# ......
#. #.##.#.##.#..(# #####.#
#.###.##Z#.##.#...#.# #..
### #.....##Y#.##.#...#.#
#.. ..#
#..YZ...#..........# ###..
#.#######.######.#..PP..###
#.... #Z##.Y.Y..# ##
#...PPPP...###.##.


You could see a shadow imp.

Vanquished Creatures
  Pikel (D:5)
  Grinder (D:6)
  Prince Ribbit (D:6)
  2 ice beasts
  2 sky beasts
  A slave (D:4)
  An ogre (D:6)
  A centaur (D:6)
  A scorpion (D:7)
  2 howler monkeys (D:5)
  A crimson imp (D:5)
  A centaur skeleton (D:6)
  A jelly (D:7)
  3 orc wizards (D:4)
  An iguana (D:4)
  A worker ant (D:6)
  A hound skeleton (D:6)
  8 adders
  2 shadow imps
  An ooze (D:6)
  2 adder skeletons (D:4)
  9 worms
  A dart slug (D:1)
  4 leopard geckos
  2 orcs
  6 bats
  7 giant cockroaches
  11 goblins
  11 hobgoblins
  7 jackals
  9 kobolds
  A quokka (D:4)
  A ball python (D:1)
  8 frilled lizards
  11 rats
  A bush (D:7)
124 creatures vanquished.

Vanquished Creatures (others)
  A centaur (D:7)
  A hound (D:5)
2 creatures vanquished.

Grand Total: 126 creatures vanquished

Notes
Turn   | Place    | Note
-------+----------+-------------------------------------------
     0 | D:1      | Kohma the Gargoyle Venom Mage began the quest for the Orb.
     0 | D:1      | Reached XP level 1. HP: 10/10 MP: 3/3
   414 | D:1      | Reached skill level 1 in Transmutations
   452 | D:1      | Reached XP level 2. HP: 15/15 MP: 5/5
   459 | D:1      | Learned a level 2 spell: Poisonous Vapours
  1479 | D:1      | Reached XP level 3. HP: 19/19 MP: 4/6
  1730 | D:2      | Learned a level 3 spell: Ignite Poison
  1939 | D:2      | Reached skill level 1 in Air Magic
  1939 | D:2      | Reached skill level 4 in Poison Magic
  1939 | D:2      | Reached XP level 4. HP: 18/24 MP: 4/7
  3572 | D:3      | Found a sacrificial altar of Ru.
  3581 | D:3      | Found a stormy altar of Qazlal.
  3774 | D:3      | Found a sparkling altar of Nemelex Xobeh.
  3793 | D:3      | Reached XP level 5. HP: 28/28 MP: 4/9
  3843 | D:3      | Learned a level 3 spell: Mephitic Cloud
  4048 | D:3      | Reached skill level 1 in Fire Magic
  4626 | D:4      | Found Dausk's Assorted Antiques.
  4688 | D:4      | Bought an encrusted copper wand for 84 gold pieces
  4688 | D:4      | Bought a scroll labeled ITSA YWYUR OCI for 21 gold pieces
  4688 | D:4      | Bought a scroll labeled JUOTUU WIYNN for 21 gold pieces
  4688 | D:4      | Bought an ivory wand for 84 gold pieces
  4931 | D:4      | Reached skill level 5 in Poison Magic
  4931 | D:4      | Reached XP level 6. HP: 22/32 MP: 0/10
  5161 | D:5      | Entered Level 5 of the Dungeon
  5204 | D:5      | Noticed an ice beast
  5218 | D:5      | Killed an ice beast
  5451 | D:5      | Learned a level 2 spell: Blink
  5507 | D:5      | Noticed a sky beast
  5561 | D:5      | Killed a sky beast
  5561 | D:5      | Reached XP level 7. HP: 8/36 MP: 1/12
  6039 | D:5      | Found Tuomuim's Assorted Antiques.
  6042 | D:5      | Bought a white potion for 30 gold pieces
  6173 | D:5      | Noticed Pikel
  6440 | D:5      | Killed Pikel
  6440 | D:5      | Reached skill level 5 in Spellcasting
  6440 | D:5      | Reached skill level 6 in Poison Magic
  6440 | D:5      | Reached XP level 8. HP: 18/41 MP: 1/15
  6760 | D:5      | Reached skill level 7 in Poison Magic
  7151 | D:6      | Reached skill level 1 in Conjurations
  7172 | D:6      | Reached skill level 1 in Translocations
  7417 | D:6      | Noticed Grinder
  7423 | D:6      | Paralysed by Grinder for 2 turns
  7432 | D:6      | Killed Grinder
  7596 | D:6      | Found an iron altar of Okawaru.
  7781 | D:6      | Noticed Prince Ribbit
  7785 | D:6      | Killed Prince Ribbit
  7785 | D:6      | Reached skill level 8 in Poison Magic
  7785 | D:6      | Reached XP level 9. HP: 45/45 MP: 6/18
  7980 | D:6      | Found a stormy altar of Qazlal.
  8110 | D:7      | Found a blossoming altar of Fedhas.
  8237 | D:7      | Reached skill level 1 in Fighting
  8237 | D:7      | Reached skill level 1 in Armour
  8491 | D:7      | Noticed Harold
  8525 | D:7      | HP: 2/47 [ogre/+0 giant club (11)]
  8548 | D:7      | HP: 2/47 [shadow imp (3)]
  8563 | D:7      | HP: 1/47 [shadow imp/nerve-wracking pain (3)]
  8569 | D:7      | Killed from afar by a shadow imp

Levels and vault maps discovered:
D:1:      dpeg_arrival_tiny_h, layout_basic
D:2:      layout_basic, ebering_dispersal_statue_hall, serial_bayou_pond_c,
          grunt_ministairs_7, st_stairs_1, corexii_corridor_pit,
          minmay_misc_feat_cross
D:3:      layout_basic, nicolae_overflow_crystal_walls,
          grunt_temple_overflow_open, grunt_decor_cap, glass_columns_a
D:4:      layout_loops_ring, serial_shops, nicolae_shop_waterfront
D:5:      layout_gridville, first_ration, gup_sewer_entry_glass, serial_shops,
          kennysheep_mini_moat, serial_park_tiny_1, uniq_pikel
D:6:      layout_basic, kennysheep_little_box, dk_noncrumbling_4,
          chequers_arboretum, nicolae_qazlal_general_emergency, uniq_grinder,
          uniq_prince_ribbit1
D:7:      layout_loops_cross, fedhas_bush_and_centaur_altar,
          minmay_temple_entry_sparse_star, uniq_harold

Skill      XL: |  1  2  3  4  5  6  7  8  9 |
---------------+----------------------------+-----
Transmutations | 1 2 |  2.0
Air Magic      | 1 2 |  2.2
Poison Magic   | 4 5 6 8 |  8.2
Fire Magic     | 1 2 |  2.2
Spellcasting   | 3 5 6 |  6.2
Conjurations   | 1 |  1.0
Translocations | 2 |  2.4
Fighting       | 1 |  1.3
Armour         | 1 |  1.3
Dodging        | 2 |  2.0
Stealth        | |  2.1

Action                   |  1- 3 |  4- 6 |  7- 9 || total
-------------------------+-------+-------+-------++-------
Melee: Dagger            |    73 |     2 |       ||    75
       Unarmed           |     2 |       |       ||     2
       Short sword       |       |   109 |    20 ||   129
       Whip              |       |       |    45 ||    45
Throw: Dart              |       |    14 |       ||    14
 Cast: Sting             |    40 |    67 |    24 ||   131
       Poisonous Vapours |     1 |    48 |    40 ||    89
       Mephitic Cloud    |       |     1 |     5 ||     6
       Ignite Poison     |       |       |    12 ||    12
       Blink             |       |       |     1 ||     1
  Use: Scroll            |       |    10 |     3 ||    13
       Potion            |       |     1 |       ||     1
 Stab: Sleeping          |     4 |       |       ||     4
       Confused          |       |     1 |       ||     1
  Eat: Chunk             |     4 |    14 |     1 ||    19
       Ration            |       |       |     3 ||     3
Armor: Robe              |    23 |    60 |    43 ||   126
       Skin              |       |     1 |       ||     1
Dodge: Dodged            |    46 |    70 |    56 ||   172
Block: Other             |       |     4 |    19 ||    23
       Reflection        |       |       |     4 ||     4

Table legend:
 A = Non-vault XP
 B = Vault XP
 C = Vault XP percentage of total XP
 D = Non-vault monster count
 E = Vault monster count
 F = Vault count percentage of total count
                 A         B        C        D         E       F
            +---------+---------+-------+---------+---------+-------
      Total |    1558 |    1363 |  46.7 |     111 |      12 |   9.8
            +---------+---------+-------+---------+---------+-------
        D:1 |      44 |       0 |   0.0 |      26 |       0 |   0.0
        D:2 |      66 |       6 |   8.3 |      22 |       4 |  15.4
        D:3 |      87 |       0 |   0.0 |      25 |       0 |   0.0
        D:4 |     186 |       0 |   0.0 |      12 |       0 |   0.0
        D:5 |     444 |     716 |  61.7 |      10 |       5 |  33.3
        D:6 |     473 |     531 |  52.9 |      10 |       2 |  16.7
        D:7 |     258 |     110 |  29.9 |       6 |       1 |  14.3
            +---------+---------+-------+---------+---------+-------
